 Dungeon Crawl Stone Soup version 0.19-a0 (webtiles) character file.

54104 varam the Unseen (level 14, -2/77 HPs)
             Began as a Spriggan Enchanter on Apr 27, 2016.
             Was the Champion of Kikubaaqudgha.
             Splashed by an acid blob's acid (14 damage)
             ... on level 8 of the Lair of Beasts.
             The game lasted 04:44:12 (35413 turns).

varam the Unseen (Spriggan Enchanter)              Turns: 35413, Time: 04:44:13

Health: -2/77      AC:  4    Str:  4    XL:     14   Next: 33%
Magic:  16/27      EV: 32    Int: 18    God:    Kikubaaqudgha [******]
Gold:   1568       SH:  6    Dex: 20    Spells: 7 memorised, 7 levels left

rFire  + . .     SeeInvis +     v - +0 dagger (elec)
rCold  + . .     Gourm    .     b - +1 robe
rNeg   . . .     Faith    .     u - +0 buckler
rPois  .         Spirit   .     (helmet restricted)
rElec  .         Dismiss  +     P - +1 cloak
rCorr  .         Reflect  .     (gloves unavailable)
SustAt .         Harm     .     (boots unavailable)
MR     ++...     Clarity  +     p - amulet of dismissal
Stlth  +++++++++.               M - ring of protection from fire
                                f - ring of protection from cold

@: drained, very quick, very resistant to hostile enchantments, incredibly
stealthy
A: unfitting armour, see invisible, clarity, deformed body, herbivore 3, speed
3, high mp 1, slow metabolism 2
a: Receive Corpses, Torment, Brand Weapon With Pain, Receive Necronomicon,
Renounce Religion


You were on level 8 of the Lair of Beasts.
You worshipped Kikubaaqudgha.
Kikubaaqudgha was exalted by your worship.
You were not hungry.

You visited 3 branches of the dungeon, and saw 22 of its levels.

You collected 1568 gold pieces.

Inventory:

Hand Weapons
 v - a +0 dagger of electrocution (weapon)
 x - the +7 falchion of Symmetry {antimagic, rC- rN+ Stlth+}
   (You found it on level 7 of the Dungeon)

   It disrupts the flow of magical energy around spellcasters and certain
   magical creatures (including the wielder).
   It makes you vulnerable to cold.
   It protects you from negative energy.
   It makes you more stealthy.
Armour
 b - a +1 robe (worn)
 g - a +0 cloak
 u - a +0 buckler (worn)
 P - a +1 cloak (worn)
Jewellery
 d - an uncursed amulet of rage
 f - a ring of protection from cold (left hand)
 p - an amulet of dismissal (around neck)
 D - an uncursed ring of fire
 H - an uncursed amulet of magic regeneration
 M - a ring of protection from fire (right hand)
Wands
 c - a wand of iceblast (3/15)
 j - a wand of slowing (28/48)
 n - a wand of lightning (8/15)
 q - a wand of flame (27/48)
 s - a wand of slowing (12/48)
 z - a wand of confusion (25/48)
 J - a wand of slowing (26/48)
 L - a wand of hasting (5/9)
 N - a wand of iceblast (8/15)
 Q - a wand of flame (16/48)
 Z - a wand of random effects (20/48)
Scrolls
 e - a scroll of amnesia
 h - 4 scrolls of magic mapping
 i - 13 scrolls of remove curse
 k - 13 scrolls of teleportation
 o - 4 scrolls of noise
 w - 3 scrolls of vulnerability
 O - a scroll of enchant armour
 S - a scroll of torment {unknown}
 T - a scroll of immolation
 U - a scroll of enchant weapon
 V - 2 scrolls of identify
 W - 2 scrolls of fear {unknown}
Potions
 a - 2 potions of agility {unknown}
 m - 2 potions of brilliance
 t - 4 potions of flight
 A - a potion of invisibility
 C - 2 potions of heal wounds
 F - 4 potions of berserk rage
 G - 6 potions of curing
 I - a potion of magic
 K - a potion of ambrosia
 R - a potion of might {unknown}
 X - 2 potions of haste
Books
 y - a book of Air

   Spells                             Type                      Level
   a - Shock                          Conjuration/Air              1
   b - Swiftness                      Charms/Air                   2
   c - Repel Missiles                 Charms/Air                   2
   d - Static Discharge               Conjuration/Air              3
   e - Lightning Bolt                 Conjuration/Air              5
 B - Kikubaaqudgha's Guide on Necromancy
   (Kikubaaqudgha gifted it to you on level 8 of the Dungeon)

   Spells                             Type                      Level
   a - Pain                           Necromancy                   1
   b - Corpse Rot                     Necromancy                   2
   c - Sublimation of Blood           Necromancy                   2
   d - Regeneration                   Charms/Necromancy            3
   e - Control Undead                 Necromancy                   4
 E - Kikubaaqudgha's Disquisition on Necromancy
   (Kikubaaqudgha gifted it to you on level 10 of the Dungeon)

   Spells                             Type                      Level
   a - Animate Dead                   Necromancy                   4
   b - Excruciating Wounds            Charms/Necromancy            5
   c - Bolt of Draining               Conjuration/Necromancy       5
   d - Dispel Undead                  Necromancy                   5
   e - Death Channel                  Necromancy                   6
Comestibles
 l - 9 fruits
 r - 6 bread rations
 Y - a slice of pizza


   Skills:
 - Level 10.1(10.0) Fighting
 - Level 11.0(10.8) Short Blades
 - Level 15.0(14.9) Dodging
 + Level 20.5(20.3) Stealth
 - Level 6.4(6.3) Spellcasting
 - Level 10.0(9.8) Hexes


You had 7 spell levels left.
You knew the following spells:

 Your Spells              Type           Power        Failure   Level  Hunger
a - Ensorcelled Hibernat  Hex/Ice        ###...       4%          2    None
b - Corona                Hex            #####..      1%          1    None
c - Confuse               Hex            #####...     1%          3    ##.....
d - Dazzling Spray        Conj/Hex       ###.....     10%         3    ##.....
e - Regeneration          Chrm/Necr      #.........   63%         3    ##.....
f - Corpse Rot            Necr           N/A          30%         2    None
g - Animate Dead          Necr           N/A          99%         4    ####...


Dungeon Overview and Level Annotations

Branches:
Dungeon (13/15)            Temple (1/1) D:6            Lair (8/8) D:8
 Shoals (0/4) Lair:3       Spider (0/4) Lair:5        Slime (0/6) Lair:8
    Orc (0/2) D:10
 Vaults: D:13-14

Altars:
Ashenzari
Cheibriados
Dithmenos
Elyvilon
Fedhas
Gozag
Kikubaaqudgha
Makhleb
Nemelex Xobeh
Okawaru
Pakellas
Qazlal
Ru
Sif Muna
Trog
Vehumet
Xom
Yredelemnul
The Shining One
Jiyva

Shops:
D:7 :   D:13 :

Annotations:
D:4 no0bjke's ghost, amateur MiFi
D:8 Gastronok
Lair:6 ilikecats's ghost, journeyman OgHu


Innate Abilities, Weirdness & Mutations

You are tiny and cannot use many weapons and most armour.
You have supernaturally acute eyesight.
You are a herbivore.
You cover ground extremely quickly.
You need consume almost no food.
You possess an exceptional clarity of mind.
Armour fits poorly on your strangely shaped body.
You have an increased reservoir of magic (+10% MP).


Message History

Press: ? - help, Shift-Dir - straight line, f - acid blob, p - large slime creature
Aim: an acid blob (chance to defeat MR: 0%)
The acid blob resists with almost no effort.
The acid blob spits acid at you. The splash of acid hits you!
The acid burns!
Casting: Confuse
Confirm with . or Enter, or press ? or * to list all spells.
Aiming: Confuse
Press: ? - help, Shift-Dir - straight line, f/p - acid blob
Aim: an acid blob (chance to defeat MR: 0%)
The acid blob resists with almost no effort.
The acid blob spits acid at you. The splash of acid hits you!
The acid burns!
* * * LOW HITPOINT WARNING * * *
The acid blob spits acid at you. The splash of acid hits you!
* * * LOW HITPOINT WARNING * * *
The acid burns!
You die...
Kikubaaqudgha rasps: "You have failed me!
Welcome... death!"

###..... ## ##### ######
########.......
..##...####.##.####...##.........
.................................
.........†.......................
.................................
.....................P...........
.....................P...........
................@...P............
....................PP.......(...
$...................PPP.........†
....................PP..........(
..................P..............
...............J.................
...........J.....................
.........##'##...........##......
....†....#._.#...........P###....


You could see an acid blob and a large slime creature (confused).

Vanquished Creatures
  Snorg (Lair:3)
  The ghost of Yehuk the Tortoise, a journeyman GrFi of Okawaru (D:11)
  4 hydras
  Erica (Lair:2)
  8 death yaks (Lair:7)
  A queen ant (Lair:2)
  Urug (Lair:3)
  A hill giant (D:12)
  An orc knight (D:10)
  A wolf spider (Lair:1)
  2 griffons
  A manticore (D:12)
  15 elephants
  9 black mambas
  Joseph (D:10)
  18 spiny frogs
  2 efreet
  A torpor snail (Lair:6)
  2 rime drakes
  9 komodo dragons
  A kobold demonologist (D:12)
  2 two-headed ogres
  2 boulder beetles
  7 blink frogs
  A centaur simulacrum (D:12)
  A shadow (D:12)
  A tarantella (Lair:5)
  A vampire (D:12)
  A spriggan (D:7)
  A wyvern (D:11)
  5 basilisks
  28 yaks
  2 hungry ghosts
  5 hippogriffs
  2 wargs (D:10)
  17 water moccasins
  9 soldier ants (Lair:2)
  4 porcupines
  A black bear (D:8)
  4 sky beasts
  An eye of draining (D:9)
  14 orc warriors
  An ogre (D:6)
  An ice beast (D:12)
  3 necrophages (D:11)
  A phantom (D:12)
  A wasp (Lair:1)
  18 wolves
  2 centaurs
  9 crocodiles
  A big kobold (D:10)
  17 giant frogs
  A wyvern zombie (D:12)
  A wyvern skeleton (D:11)
  2 scorpions
  17 killer bees
  4 wights
  9 electric eels
  3 howler monkeys
  2 crimson imps
  3 centaur zombies
  6 jellies
  A quasit (D:7)
  6 giant frog zombies
  14 orc wizards
  7 hounds
  7 orc priests
  5 centaur skeletons
  2 giant frog skeletons (D:12)
  16 iguanas
  26 worker ants
  11 hell rats
  A killer bee zombie (D:11)
  2 giant frog simulacra (D:12)
  A worker ant zombie (D:9)
  16 adders
  20 gnolls
  42 river rats
  4 shadow imps
  A white imp (D:12)
  2 ufetubi (D:12)
  2 oozes
  2 adder zombies (D:5)
  An adder skeleton (D:7)
  A worm (D:5)
  2 dart slugs
  5 giant geckos
  41 orcs
  A ball python (D:2)
  7 bats
  6 giant cockroaches
  3 goblins
  12 hobgoblins
  6 jackals
  3 quokkas
  8 giant newts
  16 kobolds
  A quokka skeleton (D:3)
  10 rats
  6 fungi
  A plant (Lair:1)
610 creatures vanquished.

Vanquished Creatures (collateral kills)
  3 killer bees
  2 orcs (D:9)
5 creatures vanquished.

Vanquished Creatures (others)
  A bush (D:11)
  24 fungi
  30 plants
55 creatures vanquished.

Grand Total: 670 creatures vanquished

Notes
Turn   | Place    | Note
--------------------------------------------------------------
     0 | D:1      | varam the Spriggan Enchanter began the quest for the Orb.
     0 | D:1      | Reached XP level 1. HP: 9/9 MP: 5/5
   165 | D:1      | Reached XP level 2. HP: 13/13 MP: 6/6
   201 | D:1      | Learned a level 2 spell: Ensorcelled Hibernation
   500 | D:1      | Reached skill level 5 in Stealth
   808 | D:2      | Reached XP level 3. HP: 12/16 MP: 6/8
  1216 | D:2      | Reached skill level 6 in Stealth
  1271 | D:2      | Reached XP level 4. HP: 17/21 MP: 0/9
  1403 | D:2      | Learned a level 3 spell: Confuse
  1735 | D:2      | Found a shadowy altar of Dithmenos.
  1991 | D:2      | Reached XP level 5. HP: 24/24 MP: 3/10
  2248 | D:3      | Reached skill level 7 in Stealth
  2249 | D:3      | Found a deep blue altar of Sif Muna.
  3096 | D:4      | Found a snail-covered altar of Cheibriados.
  3467 | D:4      | Noticed an ogre
  3506 | D:4      | Found a blossoming altar of Fedhas.
  3639 | D:4      | Noticed no0bjke's ghost (amateur MiFi)
  3748 | D:5      | Entered Level 5 of the Dungeon
  3762 | D:5      | Reached XP level 6. HP: 28/28 MP: 11/11
  4000 | D:5      | Found a white marble altar of Elyvilon.
  4051 | D:5      | Found a basalt altar of Yredelemnul.
  4160 | D:5      | Reached skill level 5 in Short Blades
  4160 | D:5      | Reached skill level 8 in Stealth
  4525 | D:5      | Gained mutation: You have an increased reservoir of magic (+10% MP). [potion of mutation]
  4525 | D:5      | Gained mutation: Armour fits poorly on your strangely shaped body. [potion of mutation]
  4525 | D:5      | Gained mutation: You possess an exceptional clarity of mind. [potion of mutation]
  4809 | D:6      | Found a staircase to the Ecumenical Temple.
  4815 | Temple   | Entered the Ecumenical Temple
  4936 | Temple   | Became a worshipper of Kikubaaqudgha
  5686 | D:4      | HP: 1/28 [no0bjke's ghost (12)]
  5932 | D:5      | Reached XP level 7. HP: 23/32 MP: 11/15
  6383 | D:6      | Reached skill level 1 in Fighting
  6383 | D:6      | Reached skill level 5 in Hexes
  6871 | D:6      | Found a sparkling altar of Nemelex Xobeh.
  7143 | D:6      | Reached skill level 5 in Dodging
  7176 | D:6      | Reached skill level 5 in Spellcasting
  7176 | D:6      | Reached XP level 8. HP: 31/39 MP: 0/18
  7863 | D:7      | Found Naapoo's Book Shop.
  8428 | D:7      | Got a translucent falchion
  8429 | D:7      | Identified the +7 falchion of Symmetry {antimagic, rC- rN+ Stlth+} (You found it on level 7 of the Dungeon)
  9069 | D:8      | Found a staircase to the Lair.
  9186 | D:8      | Noticed Gastronok
  9492 | D:8      | Reached * piety under Kikubaaqudgha
  9492 | D:8      | Received a gift from Kikubaaqudgha
  9529 | D:8      | Reached XP level 9. HP: 44/44 MP: 11/19
  9554 | D:8      | Identified Kikubaaqudgha's Guide on Necromancy (Kikubaaqudgha gifted it to you on level 8 of the Dungeon)
 10049 | D:8      | Learned a level 3 spell: Dazzling Spray
 10700 | D:8      | HP: 2/44 [orc wizard/puff of frost (9)]
 11220 | D:9      | Reached skill level 9 in Stealth
 11353 | D:9      | Reached ** piety under Kikubaaqudgha
 12145 | D:9      | Reached skill level 10 in Stealth
 12757 | D:9      | Found a burning altar of Makhleb.
 12761 | D:9      | Found a stormy altar of Qazlal.
 12761 | D:9      | Found an iron altar of Okawaru.
 12772 | D:9      | Found an oddly glowing altar of Pakellas.
 12776 | D:9      | Found a shimmering altar of Xom.
 12947 | D:9      | Learned a level 3 spell: Regeneration
 12998 | D:9      | Reached skill level 11 in Stealth
 13346 | D:10     | Entered Level 10 of the Dungeon
 13364 | D:10     | Reached XP level 10. HP: 49/49 MP: 20/20
 13424 | D:10     | Learned a level 2 spell: Corpse Rot
 13428 | D:10     | Found an oddly glowing altar of Pakellas.
 13725 | D:10     | Reached *** piety under Kikubaaqudgha
 13725 | D:10     | Received a gift from Kikubaaqudgha
 13726 | D:10     | Identified Kikubaaqudgha's Disquisition on Necromancy (Kikubaaqudgha gifted it to you on level 10 of the Dungeon)
 13764 | D:10     | Learned a level 4 spell: Animate Dead
 14115 | D:10     | Noticed an orc knight
 14115 | D:10     | Reached skill level 12 in Stealth
 14214 | D:10     | Killed an orc knight
 14296 | D:10     | Found a staircase to the Orcish Mines.
 14804 | D:10     | Reached skill level 5 in Fighting
 14806 | D:10     | Noticed Joseph
 14818 | D:10     | Killed Joseph
 15058 | D:10     | Reached **** piety under Kikubaaqudgha
 15400 | D:11     | Found a blossoming altar of Fedhas.
 15841 | D:11     | Noticed Yehuk's ghost (journeyman GrFi)
 16036 | D:11     | Killed Yehuk's ghost
 16036 | D:11     | Reached XP level 11. HP: 44/56 MP: 23/23
 17784 | D:12     | Noticed a hill giant
 17797 | D:12     | Killed a hill giant
 17839 | D:12     | Reached skill level 10 in Hexes
 17937 | D:12     | Reached skill level 10 in Short Blades
 17985 | D:12     | Reached skill level 13 in Stealth
 18020 | D:12     | Reached skill level 10 in Dodging
 18435 | D:13     | Noticed a skeletal warrior
 18546 | D:13     | Found Zuad's Book Shoppe.
 18727 | D:13     | Noticed a six-headed hydra
 18833 | D:11     | Noticed a skeletal warrior
 19060 | D:8      | Identified 2 scrolls of acquirement
 19108 | Lair:1   | Entered Level 1 of the Lair of Beasts
 19186 | Lair:1   | Reached skill level 14 in Stealth
 19911 | Lair:1   | Reached XP level 12. HP: 60/62 MP: 14/24
 20341 | Lair:1   | Reached ***** piety under Kikubaaqudgha
 21693 | Lair:2   | Noticed a six-headed hydra
 21906 | Lair:2   | Killed a six-headed hydra
 21964 | Lair:2   | Reached skill level 15 in Stealth
 22159 | Lair:2   | Noticed Erica
 22170 | Lair:2   | Killed Erica
 22482 | Lair:2   | Noticed a queen ant
 23255 | Lair:2   | Killed a queen ant
 23591 | Lair:3   | Noticed Snorg
 23614 | Lair:3   | Killed Snorg
 24059 | Lair:3   | Noticed Urug
 24332 | Lair:3   | Killed Urug
 24561 | Lair:3   | Reached skill level 15 in Dodging
 24750 | Lair:2   | Reached XP level 13. HP: 65/69 MP: 12/25
 25130 | Lair:3   | Found a staircase to the Shoals.
 25442 | Lair:4   | Reached skill level 16 in Stealth
 28891 | Lair:5   | Reached skill level 17 in Stealth
 28910 | Lair:5   | Found a hole to the Spider Nest.
 28925 | Lair:5   | Reached ****** piety under Kikubaaqudgha
 30000 | Lair:6   | Noticed ilikecats's ghost (journeyman OgHu)
 30016 | Lair:6   | Reached skill level 10 in Fighting
 30409 | Lair:7   | Reached skill level 18 in Stealth
 32079 | Lair:7   | Reached XP level 14. HP: 77/77 MP: 21/27
 33234 | Lair:7   | Reached skill level 19 in Stealth
 34067 | Lair:8   | Entered Level 8 of the Lair of Beasts
 34943 | Lair:8   | Reached skill level 20 in Stealth
 35355 | Lair:8   | Found a runed door.
 35367 | Lair:8   | Found a viscous altar of Jiyva.
 35368 | Lair:8   | Noticed an acid blob
 35396 | Lair:8   | Found a staircase to the Slime Pits.
 35413 | Lair:8   | Splashed by an acid blob's acid

Vault maps used:
D:1:      minmay_arrival_doors, corexii_corridor_pit, minmay_misc_feat_ornament
D:2:      kennysheep_six_static_rooms, grunt_dithmenos_smoke
D:3:      lemuel_doored_altar, minmay_misc_feat_rows
D:4:      kennysheep_mini_moat, first_bread, serial_shops, shop,
          cheibriados_altar_1
D:5:      kennysheep_ying_yang, hex_medium
D:6:      nicolae_overflow_hidden_temple, temple_green, sigmund_army
D:7:      serial_shops, nicolae_shop_window_shopping, the_bakery
D:8:      dpeg_oklobed_lair, uniq_gastronok
D:9:      minmay_overflow_temple_star_hex
D:10:     erik_orc_3, johnstein_pakellas_death_squad, uniq_joseph
D:11:     fedhas_altar_decomposition
D:12:     serial_ice, serial_ice_e, serial_ice_h, serial_ice_o, serial_ice_l,
          serial_ice_g, serial_ice_m
D:13:     erik_vaults_1, serial_shops, shop
Temple:   hc_temple_tempest_star
Lair:1:   minmay_lair_venomous_thicket, st_stairs_4, serial_bayou_shore_b,
          grunt_megastairs_3, serial_bayou_shore_a
Lair:2:   minmay_another_anthill, uniq_erica
Lair:3:   shoals_dummy_entry, serial_bayou_pond_b, uniq_snorg, uniq_urug
Lair:4:   lemuel_fruit_tree
Lair:5:   spider_nest_entry_rubble, grunt_megastairs_1,
          infiniplex_staircase_pool
Lair:6:   dragon1_lemuel
Lair:7:   serial_bayou_lake_a
Lair:8:   hangedman_lair_in_review, slime_altar_2, infiniplex_staircase_pool_2

Skill      XL: |  1  2  3  4  5  6  7  8  9 10 11 12 13 14 |
---------------+-------------------------------------------+-----
Short Blades   | 2 3 4 5 6 8 10 11 | 11.0
Stealth        | 5 6 7 8 11 12 14 15 18 20 | 20.5
Spellcasting   | 3 5 6 |  6.4
Hexes          | 4 5 7 8 9 10 | 10.0
Fighting       | 2 3 4 6 8 10 | 10.1
Dodging        | 5 8 9 12 15 | 15.0

Action                   |  1- 3 |  4- 6 |  7- 9 | 10-12 | 13-15 || total
-------------------------+-------+-------+-------+-------+-------++-------
Melee: Dagger            |    18 |       |   373 |   714 |   476 ||  1581
       Short sword       |    65 |   214 |    64 |       |       ||   343
       Falchion          |       |       |    23 |       |     2 ||    25
 Cast: Corona            |     6 |       |       |       |       ||     6
       Ensorcelled Hiber |     5 |    21 |    30 |   105 |     6 ||   167
       Confuse           |       |    28 |   116 |   239 |   163 ||   546
       Corpse Rot        |       |       |       |     1 |       ||     1
       Regeneration      |       |       |       |     2 |       ||     2
       Dazzling Spray    |       |       |       |     4 |    62 ||    66
  Use: Scroll            |       |     9 |     1 |    10 |     4 ||    24
       Potion            |       |     6 |       |     1 |       ||     7
 Stab: Sleeping          |    19 |    28 |    41 |    81 |    36 ||   205
       Confused          |       |    12 |    43 |   107 |    83 ||   245
       Distracted        |       |     1 |       |     8 |     1 ||    10
       Invisible         |       |       |       |     2 |    13 ||    15
  Eat: Bread ration      |       |     1 |     2 |     3 |     2 ||     8
       Pizza             |       |     1 |       |       |     1 ||     2
       Fruit             |       |       |     4 |     3 |     5 ||    12
       Royal jelly       |       |       |       |     1 |       ||     1
Armor: Robe              |     7 |     8 |    10 |    13 |     3 ||    41
Dodge: Dodged            |    66 |    99 |   230 |   379 |   218 ||   992
Block: Buckler           |       |    19 |       |       |    42 ||    61
